 Dungeon Crawl Stone Soup version 0.28-b1-25-g9875b3fc8c (webtiles) character file.

Game seed: 16608868023486412886

81 mcbry74 the Skirmisher (level 4, -1/61 HPs)
             Began as a Minotaur Berserker on Jan 31, 2022.
             Was a Believer of Trog.
             Slain by Sigmund (2 damage)
             ... on level 2 of the Dungeon.
             The game lasted 00:02:14 (1115 turns).

mcbry74 the Skirmisher (Minotaur Berserker)         Turns: 1115, Time: 00:02:14

Health: -1/61      AC:  2    Str: 21    XL:     4   Next: 19%
Magic:  3/3        EV: 12    Int:  6    God:    Trog [**....]
Gold:   18         SH:  0    Dex: 10    Spells: 3/3 levels left

rFire   . . .      SeeInvis .   a - +0 falchion
rCold   . . .      Faith    .   (no shield)
rNeg    . . .      Spirit   .   b - +0 animal skin
rPois   .          Reflect  .   (helmet restricted)
rElec   .          Harm     .   (no cloak)
rCorr   .          Rampage  .   (no gloves)
Will    .....                   (no boots)
Stlth   ..........              (no amulet)
HPRegen 0.20/turn               (no ring)
MPRegen 0.08/turn               (no ring)

@: berserking (expiring), slowed
A: horns 2, retaliatory headbutt
a: Renounce Religion, Berserk, Trog's Hand


You were on level 2 of the Dungeon.
You worshipped Trog.
Trog was pleased with you.
You visited 1 branch of the dungeon, and saw 2 of its levels.

You collected 18 gold pieces.

Inventory:

Hand Weapons
 a - a +0 falchion (weapon)
Missiles
 d - 2 boomerangs (quivered)
Armour
 b - a +0 animal skin (worn)
Scrolls
 c - a scroll of teleportation {unknown}
 e - a scroll of amnesia {unknown}
Potions
 f - a potion of curing {unknown}


   Skills:
 + Level 4.4 Fighting
 + Level 4.3 Long Blades
 + Level 3.4 Armour
 + Level 3.1 Dodging


You had 3 spell levels left.
You didn't know any spells.
Your spell library was empty.

Dungeon Overview and Level Annotations

Branches:
Dungeon (2/15)

Altars:

Annotations:
D:2 Sigmund


Innate Abilities, Weirdness & Mutations

You have a pair of horns on your head.
You reflexively headbutt those who attack you in melee.


Message History

Deactivating autopickup; reactivate with Ctrl-A.
Natasha casts a spell at you.
You feel yourself slow down.
Natasha wildly gestures.
You feel troubled.
You hit Natasha.
Natasha is lightly wounded.
Natasha claws you! Natasha barely misses you.
You hit Natasha.
Natasha is heavily wounded.
Natasha claws you.
The shadow imp disappears for a moment.
Natasha howls an incantation.
Natasha shimmers violently.
Natasha closely misses you.
A red film seems to cover your vision as you go berserk!
You feel yourself moving faster!
You feel mighty! Natasha barely misses you. You furiously retaliate!
You headbutt Natasha!
You kill Natasha!
Trog accepts your kill.
Trog appreciates your killing of a magic user.
Natasha screams in pain as she dies!
The shadow imp disappears in a puff of smoke!
Your Dodging skill increases to level 3!
You have reached level 4!
You feel agile.
You feel a strong urge to attack something.
Something hits you!
* * * LOW HITPOINT WARNING * * *
You see here the felid corpse of Natasha.
You completely miss something. Your headbutt misses something.
You closely miss something.
You hear some strange, mumbled words.
A magic dart appears from out of thin air!
The magic dart hits you!
* * * LOW HITPOINT WARNING * * *
You barely miss something. Something hits you.
* * * LOW HITPOINT WARNING * * *
You miss something. Something hits you.
You die...

#.# #.# #.# #.#
#.# #.# .. .#.
#.# #.# ...#.
#.# #.# .#.. #.#
#.# ##..@ #.#
#.# #..(. #.#
#.# #.... #<#
#@#
#...#######{#
#....5....#
.......#########
.##..## #. #


There were no monsters in sight!

Vanquished Creatures
  Natasha (D:2)
  2 adders (D:2)
  5 ball pythons
  5 endoplasms (D:1)
  3 giant cockroaches
  6 goblins (D:1)
  A hobgoblin (D:1)
  4 bats (D:1)
  A frilled lizard (D:1)
  6 kobolds (D:1)
  A rat (D:1)
35 creatures vanquished.

Notes
Turn   | Place    | Note
-------+----------+-------------------------------------------
     0 | D:1      | mcbry74 the Minotaur Berserker began the quest for the Orb.
     0 | D:1      | Reached XP level 1. HP: 19/19 MP: 0/0
   187 | D:1      | Reached XP level 2. HP: 17/27 MP: 1/1
   609 | D:1      | Found a faded altar of an unknown god.
   648 | D:1      | Reached ** piety under Trog
   808 | D:1      | Reached XP level 3. HP: 33/33 MP: 2/2
  1095 | D:2      | Noticed Natasha
  1096 | D:2      | Noticed Sigmund
  1110 | D:2      | Killed Natasha
  1111 | D:2      | Reached XP level 4. HP: 22/41 MP: 3/3
  1113 | D:2      | HP: 3/61 [something/magic dart (7)]
  1114 | D:2      | HP: 1/61 [something (3)]
  1115 | D:2      | Slain by Sigmund

Illustrated notes

Levels and vault maps discovered:
D:1:      evilmike_arrival_plus, layout_basic,
          hellmonk_ecumenical_altar_arch_garden, minmay_crystal_room,
          st_stairs_6, chequers_mini_garden, chequers_serial_rivers_micro_a
D:2:      layout_basic, serial_corexii_hall, corexii_hall_statues_i,
          chequers_hall_statues_wall_a, minmay_misc_feat_x,
          minmay_misc_feat_chi, uniq_natasha, uniq_sigmund

Skill      XL: |  1  2  3 |
---------------+----------+-----
Fighting       | 4 |  4.4
Long Blades    | 4 |  4.3
Armour         | 3 |  3.4
Dodging        | 3 |  3.1

Action                   |  1- 3 |  4- 6 || total
-------------------------+-------+-------++-------
Melee: Falchion          |    63 |     4 ||    67
       Headbutt          |     6 |       ||     6
Invok: Berserk           |     1 |       ||     1
 Stab: Sleeping          |     2 |       ||     2
Armor: Animal skin       |    13 |       ||    13
Dodge: Dodged            |    63 |       ||    63
